AoeStats
← 始于情深

Arena

510372530Analyzed
4v4 RM · 1d ago on Sep 30, 2026· 38m 32s· 8 players
Game mode
Random Map
Map size
Large (8 player)
Population
200
Speed
Normal
Resources
Standard
Victory
Conquest
Starting age
Dark Age
Ending age
Imperial Age
RankedLock teamsTeams togetherTeam positionsShared explorationLock speedFull tech treeHidden civsTurbo modeCheats
Victory
Defeat
🇩🇪 Franks · Germany
951
+13
🇩🇪 Japanese · Germany
870
+16
🇹🇷 Turks · Türkiye
849
+16
🇩🇪 Spanish · Germany
842
+17
🇨🇳 Magyars · China
910
-17
🇬🇧 Chinese · United Kingdom
871
-16
🇨🇳 Byzantines · China
850
-15
🇨🇱 Khmer · Chile
840
-14
No name1406
0:37 Loom
10:50 Feudal Age
11:19 Double-Bit Axe
11:17 Horse Collar
14:53 Wheelbarrow
18:59 Castle Age
18:31 Fletching
19:13 Padded Archer Armor
19:26 Crossbowman
20:59 Thumb Ring
22:46 Ballistics
22:36 Gold Mining
22:56 Bodkin Arrow
23:14 Bow Saw
24:10 Gold Shaft Mining
24:12 Leather Archer Armor
24:16 Pikeman
24:26 Pikeman
25:08 Squires
26:05 Hand Cart
wfR'
10:56 Feudal Age
12:26 Wheelbarrow
11:40 Double-Bit Axe
11:41 Horse Collar
11:57 Gold Mining
11:58 Stone Mining
18:54 Castle Age
20:49 Hand Cart
25:46 Loom
25:47 Town Watch
LlL
11:11 Feudal Age
13:06 Double-Bit Axe
16:05 Castle Age
23:05 Wheelbarrow
23:00 Horse Collar
23:31 Bow Saw
23:44 Pikeman
27:56 Hand Cart
28:00 Scale Mail Armor
28:11 Forging
28:16 Stone Mining
28:20 Gold Mining
32:16 Imperial Age
33:49 Gold Shaft Mining
33:43 Conscription
32:48 Elite Cataphract
33:13 Treadmill Crane
34:37 Logistica
36:15 Iron Casting
35:47 Scale Barding Armor
始于情深
11:56 Feudal Age
13:01 Horse Collar
13:09 Double-Bit Axe
13:24 Double-Bit Axe
16:59 Castle Age
18:14 Heavy Plow
20:21 Scale Barding Armor
24:16 Bow Saw
27:20 Gold Mining
28:46 Stone Mining
29:33 Gold Shaft Mining
33:27 Imperial Age
31:31 Chain Barding Armor
CANULAN
13:41 Feudal Age
18:56 Castle Age
17:38 Double-Bit Axe
17:46 Gold Mining
17:47 Horse Collar
24:15 Imperial Age
28:14 Padded Archer Armor
36:00 Bow Saw
BLONDYN
0:28 Loom
11:02 Feudal Age
11:28 Double-Bit Axe
16:34 Gold Mining
17:24 Wheelbarrow
17:19 Stone Mining
20:03 Castle Age
19:37 Forging
20:11 Scale Barding Armor
21:30 Gold Shaft Mining
22:54 Hand Cart
23:13 Hand Cart
23:24 Bow Saw
23:20 Caravan
25:30 Husbandry
25:44 Town Watch
28:48 Iron Casting
29:45 Treadmill Crane
33:12 Imperial Age
31:57 Town Patrol
31:56 Fletching
33:59 Chivalry
33:20 Elite Throwing Axeman
33:29 Cavalier
35:17 Conscription
36:00 Ordonnance Companies
Hank
11:50 Feudal Age
10:08 Loom
12:59 Double-Bit Axe
13:00 Horse Collar
15:01 Stone Mining
17:21 Castle Age
16:16 Gold Mining
18:47 Bow Saw
20:21 Pikeman
21:02 Scale Mail Armor
22:10 Heavy Plow
22:01 Gambesons
22:16 Squires
24:32 Squires
24:17 Arson
26:13 Wheelbarrow
27:11 Hand Cart
28:00 Town Watch
30:06 Chain Mail Armor
30:01 Forging
31:29 Gold Shaft Mining
38:59 Imperial Age
36:30 Town Patrol
Neo
7:58 Loom
11:37 Feudal Age
12:12 Double-Bit Axe
12:09 Horse Collar
16:35 Gold Mining
19:10 Castle Age
18:19 Bloodlines
18:36 Stone Mining
28:09 Bow Saw
28:39 Redemption
30:19 Wheelbarrow
29:31 Town Watch
37:26 Imperial Age
35:15 Hand Cart
38:27 Block Printing
38:14 Atonement
38:24 Fervor
Connection lost

Rejoining the realm…

Still unreachable

The connection could not be restored.

Session expired

The server has moved on; the page needs a fresh start.